 Dungeon Crawl Stone Soup version 0.26.1-2-gb8aa6d0cf2 (webtiles) character file.

Game seed: 10530724238433701176

92 Descartes the Conjurer (level 4, -15/25 HPs)
             Began as a Deep Elf Wanderer on Mar 28, 2021.
             Demolished by an orc warrior
             ... wielding a +0 battleaxe
              (25 damage)
             ... on level 2 of the Dungeon.
             The game lasted 00:06:31 (2859 turns).

Descartes the Conjurer (Deep Elf Wanderer)          Turns: 2859, Time: 00:06:33

Health: -15/25     AC:  2    Str:  8    XL:     4   Next: 35%
Magic:  7/12       EV: 11    Int: 19    God:
Gold:   83         SH:  0    Dex: 14    Spells: 9/11 levels left

rFire    . . .     SeeInvis .   a - +2 dagger
rCold    . . .     Faith    .   (no shield)
rNeg     . . .     Spirit   .   e - +0 robe
rPois    .         Reflect  .   (no helmet)
rElec    .         Harm     .   (no cloak)
rCorr    .         Rampage  .   (no gloves)
Will     +....                  (no boots)
Stlth    ++........             (no amulet)
HPRegen  0.08/turn              r - ring of willpower
MPRegen  0.13/turn              (no ring)

@: no status effects
A: no striking features
a: no special abilities


You were on level 2 of the Dungeon.
You visited 1 branch of the dungeon, and saw 2 of its levels.

You collected 83 gold pieces.

Inventory:

Hand Weapons
 a - a +2 dagger (weapon)
 i - a +0 hunting sling
 m - a +0 dagger of freezing
Missiles
 c - 97 stones (quivered)
 d - 39 arrows
 g - 15 sling bullets
 j - 25 bolts
 n - 3 boomerangs
Armour
 e - a +0 robe (worn)
Jewellery
 r - a ring of willpower (left hand)
Scrolls
 f - 4 scrolls of identify {unknown}
 h - 2 scrolls of enchant armour {unknown}
Potions
 k - a potion of might {unknown}
 l - 2 potions of curing {unknown}
 o - a potion of haste {unknown}
 p - a potion of lignification {unknown}
 q - a potion of mutation {unknown}
 s - a potion of invisibility {unknown}
 t - a potion of heal wounds {unknown}


   Skills:
 - Level 1.0 Fighting
 - Level 2.6 Bows
 - Level 1.0 Throwing
 - Level 1.5 Armour
 - Level 1.2 Stealth
 * Level 4.1 Spellcasting
 + Level 4.1 Conjurations
 + Level 1.1 Fire Magic


You had 9 spell levels left.
You knew the following spells:

 Your Spells              Type           Power        Failure   Level
a - Magic Dart            Conj           76%          2%          1
b - Foxfire               Conj/Fire      52%          4%          1

Your spell library contained the following spells:

 Spells                   Type           Power        Failure   Level
 Mephitic Cloud           Conj/Pois/Air  9%           22%         3
 Inner Flame              Hex/Fire       6%           32%         3


Dungeon Overview and Level Annotations

Branches:
Dungeon (2/15)

Altars:


Message History

Confirm with . or Enter, or press ? or * to list all spells.
You conjure some foxfire!
Something hits the bush but does no damage.
Casting: Foxfire (safe; 4% risk of failure)
Confirm with . or Enter, or press ? or * to list all spells.
You conjure some foxfire!
The foxfire hits the orc warrior.
The orc warrior is moderately wounded.
Your attack snaps the orc warrior out of its fear.
Casting: Foxfire (safe; 4% risk of failure)
Confirm with . or Enter, or press ? or * to list all spells.
You conjure some foxfire!
The foxfire hits the orc warrior but does no damage.
The orc warrior is moderately wounded.
Casting: Foxfire (safe; 4% risk of failure)
Confirm with . or Enter, or press ? or * to list all spells.
Nothing appears to happen.
The foxfire hits the orc warrior.
The orc warrior is moderately wounded.
The orc warrior hits you with a +0 battleaxe!!
Ouch! That really hurt!
You die...

.... #....#
#.###.#########.#.#
#.............†...#
####.........#.###
#########...##
##...# #.#.# #♣♣.♣#
##########♣♣♣@P#
....o.o..♣♣..oP#
#######.♣♣♣PoP♣#
#.♣.P.P♣♣ #.o.†P.♣
##♣♣P♣♣♣ ###


You could see an orc warrior and an orc.

Vanquished Creatures
  2 adders (D:2)
  An ooze (D:1)
  3 worms (D:2)
  2 dart slugs (D:1)
  4 giant cockroaches
  5 hobgoblins
  A quokka (D:2)
  12 bats
  3 frilled lizards
  9 goblins
  8 kobolds
  8 rats
58 creatures vanquished.

Vanquished Creatures (collateral kills)
  2 foxfires (D:2)
2 creatures vanquished.

Vanquished Creatures (others)
  50 foxfires (D:2)
  13 plants (D:2)
63 creatures vanquished.

Grand Total: 123 creatures vanquished

Notes
Turn   | Place    | Note
-------+----------+-------------------------------------------
     0 | D:1      | Descartes the Deep Elf Wanderer began the quest for the
                  | Orb.
     0 | D:1      | Descartes set off with the following items: a +2 dagger, a
                  | scroll of fear, a +0 robe; and the following spells
                  | available to memorise: Magic Dart, Foxfire, Mephitic Cloud,
                  | Inner Flame
     0 | D:1      | Reached XP level 1. HP: 12/12 MP: 3/3
    79 | D:1      | Reached skill level 1 in Spellcasting
    81 | D:1      | Learned a level 1 spell: Magic Dart
   282 | D:1      | Reached XP level 2. HP: 16/16 MP: 2/6
   747 | D:1      | Learned a level 1 spell: Foxfire
   971 | D:1      | Reached XP level 3. HP: 20/20 MP: 7/9
  2356 | D:2      | Reached XP level 4. HP: 25/25 MP: 8/11
  2571 | D:2      | Reached skill level 1 in Fire Magic
  2841 | D:2      | Noticed an orc warrior
  2859 | D:2      | Demolished by an orc warrior

Illustrated notes

Levels and vault maps discovered:
D:1:      dpeg_arrival_lava_temple_mockup, layout_loops_ring,
          minmay_misc_feat_encased, chequers_serial_rivers_room_a,
          minmay_3d_cube
D:2:      layout_loops_ring, serial_forest, infiniplex_forest_lined_3_way,
          infiniplex_forest_lined_3_way, infiniplex_forest_clump_long,
          infiniplex_forest_clump_diagonal, infiniplex_forest_corner_2,
          infiniplex_forest_clump_curved

Skill      XL: |  1  2  3  4 |
---------------+-------------+-----
Spellcasting   | 1 2 3 4 |  4.1
Conjurations   | 4 |  4.1
Fire Magic     | 1 |  1.1
Fighting       | |  1.0
Bows           | |  2.6
Throwing       | |  1.0
Armour         | |  1.5
Stealth        | |  1.2

Action                   |  1- 3 |  4- 6 || total
-------------------------+-------+-------++-------
Melee: Dagger            |    15 |       ||    15
 Cast: Magic Dart        |    81 |    21 ||   102
       Foxfire           |    24 |    18 ||    42
  Use: Scroll            |       |     1 ||     1
 Stab: Sleeping          |     1 |       ||     1
Armor: Robe              |     8 |       ||     8
Dodge: Dodged            |     6 |     4 ||    10
